Cogmind - Beta 14 @@@ ROGUE MODE // 2024.08.26 @ 18:14:28 Player: ILikeVoltron Result: Destroyed by G-47 Trooper with Particle Gun Performance ------------- Evolutions (0) 0 Regions Visited (2) 400 Robots Destroyed (20) 100 Value Destroyed (234) 234 Prototype IDs (0) 0 Alien Tech Used (0) 0 Bonus (25) 25 TOTAL SCORE: 759 Bonus ------- Follower Combat Kills 25 Cogmind --------- Core Integrity 0/250 Matter 283/300 Energy 243/250 System Corruption 0% Temperature Hot (273) Movement Walking (120) Location -10/Mines Parts ------- > --- POWER (1) -------- Ion Engine > --- PROPULSION (2) --- Aluminum Leg Carbon-fiber Leg > --- UTILITY (2) ------ Small Storage Unit Seismic Detector > --- WEAPON (2) ------- Light Assault Rifle > --- INVENTORY (8) ---- Light Treads Light Treads High-capacity Storage Unit Improved Terrain Scanner Improved Terrain Scanner Mining Laser Peak State ------------ > --- POWER ------------ Ion Engine > --- PROPULSION ------- Aluminum Leg Carbon-fiber Leg > --- UTILITY ---------- Small Storage Unit Seismic Detector > --- WEAPON ----------- Medium Laser Light Assault Rifle > --- INVENTORY -------- Light Treads Light Treads High-capacity Storage Unit Improved Terrain Scanner Improved Terrain Scanner Mining Laser [Rating: 10] Favorites ----------- Power Ion Engine Engine Ion Engine Propulsion Aluminum Leg Leg Aluminum Leg Utility Small Storage Unit Device Seismic Detector Storage Small Storage Unit Weapon Light Assault Rifle Energy Gun Medium Laser Ballistic Gun Light Assault Rifle Special Weapon Mining Laser Build | -11 -10 -10 ------- Run | Yrd Mat Min Slots Evolved . | . . . Power . | . . . Propulsion . | . . . Utility . | . . . Weapon . | . . . Parts Attached 11 | 1 4 6 Power 1 | . . 1 Engine 1 | . . 1 Core . | . . . Reactor . | . . . Propulsion 4 | . 2 2 Treads . | . . . Leg 4 | . 2 2 Wheel . | . . . Hover . | . . . Flight . | . . . Utility 1 | 1 . . Device 1 | 1 . . Storage . | . . . Processor . | . . . Hackware . | . . . Protection . | . . . Artifact . | . . . Weapon 5 | . 2 3 Energy Gun 1 | . . 1 Energy Cannon . | . . . Ballistic Gun 3 | . 1 2 Ballistic Cannon . | . . . Launcher . | . . . Special Weapon 1 | . 1 . Impact Weapon . | . . . Slashing Weapon . | . . . Piercing Weapon . | . . . Special Melee Weapon . | . . . Unidentified Prototypes . | . . . Parts Lost 5 | . . 5 Power 1 | . . 1 Propulsion 2 | . . 2 Utility . | . . . Weapon 2 | . . 2 Highest Loss Streak 4 | . . 4 To Critical Strikes . | . . . Average Slot Usage (%) 98 | . 100 96 Engine 13 | . 14 13 Leg 27 | . 28 27 Device 14 | . 14 14 Storage 14 | . 14 14 Energy Gun 2 | . . 5 Ballistic Gun 24 | . 27 20 Peak Build Rating 10 | 8 8 10 Average Rating 7 | 6 8 8 On Entrance 7 | 6 8 8 Naked Turns . | . . . Heaviest Build 14 | 13 13 14 Greatest Support 25 | 20 20 25 Greatest Overweight (x) . | . . . Average Overweight (x) . | . . . Largest Inventory Capacity 8 | 8 8 8 Average Capacity 8 | 8 8 8 Most Carried 8 | 8 8 8 Average Carried 7 | 7 7 7 Final Capacity 8 | 8 8 8 Final Carried 8 | 8 8 6 Class Distribution -------------------- 59% | Mutant 40% | Scavenger-Mutant Dominant Class ---------------- Mutant | -10/Materials Scavenger-Mutant | -10/Mines Resources | -11 -10 -10 ----------- Run | Yrd Mat Min Matter Collected 453 | 287 110 56 Remotely . | . . . Salvage Created 569 | 181 346 42 Parts 51 | 20 25 6 Haulers Intercepted . | . . . Recyclers Shooed 4 | . 4 . Parts Field Recycled . | . . . Retrieved Matter . | . . . Parts Self-Destructed . | . . . Prevented . | . . . Kills | -11 -10 -10 ------- Run | Yrd Mat Min Combat Hostiles Destroyed 11 | . 8 3 Guns 11 | . 8 3 Classes Destroyed 6 | 3 3 . Worker 1 | 1 . . Builder 1 | . 1 . Tunneler 4 | 4 . . Recycler 3 | 1 2 . Swarmer 8 | . 6 2 Grunt 3 | . 2 1 Best Kill Streak 4 | 2 4 2 Combat Bots Only 3 | . 3 2 Max Kills in Single Turn 1 | 1 1 1 Gunslinging . | . . . Exploded . | . . . Melee . | . . . Uniques/NPCs Destroyed . | . . . Combat | -11 -10 -10 -------- Run | Yrd Mat Min Hostile Shots Fired 126 | . 59 67 Missed 36 | . 20 16 Damage Taken 1042 | . 376 666 Core 251 | . 101 150 Absorbed by Shields . | . . . Core Remaining (%) 100 | 100 . . Volleys Fired 81 | 18 41 22 Largest 2 | 2 2 2 Hottest 100 | 40 100 70 Shots Fired 155 | 36 81 38 Gun 154 | 36 80 38 Cannon . | . . . Launcher . | . . . Special 1 | . 1 . Kinetic 136 | 36 80 20 Thermal 19 | . 1 18 Explosive . | . . . Electromagnetic . | . . . Robot Hit Streak 11 | 5 11 4 Robot Miss Streak 7 | 2 7 3 Penetration Max . | . . . Secondary Targets 1 | . . 1 Max Gunslinging Chain 1 | . . 1 Shots Hit Robots 90 | 22 53 15 Core Hits 43 | 11 24 8 Critical Kills 1 | 1 . . Critical Parts Destroyed . | . . . Critical Strikes 1 | 1 . . Destroy 1 | 1 . . Melee Attacks . | . . . Impact . | . . . Slashing . | . . . Piercing . | . . . Sneak Attacks . | . . . Combat Hostiles . | . . . Follow-up Attacks . | . . . Damage Inflicted 802 | 183 451 168 Guns 787 | 183 451 153 Cannons . | . . . Explosions . | . . . Melee . | . . . Ramming 15 | . . 15 Kinetic 712 | 183 451 78 Thermal 75 | . . 75 Explosive . | . . . Electromagnetic . | . . . Impact . | . . . Slashing . | . . . Piercing . | . . . Highest Corruption . | . . . Average Corruption . | . . . Corruption Purged . | . . . Corruption Blocked . | . . . Overload Shots . | . . . Overflow Damage . | . . . Projectiles . | . . . Explosions . | . . . Melee . | . . . Knockbacks . | . . . Impact . | . . . Kinetic . | . . . Secondary . | . . . Self-Inflicted Damage . | . . . Shots . | . . . Rammed . | . . . Targets Rammed 6 | . . 6 Kicked 6 | . . 6 Crushed . | . . . Highest Temperature 264 | . 20 264 Average Temperature 64 | . 8 94 Received Heat Transfer 495 | . 138 357 Siege Activations . | . . . Robots Corrupted . | . . . Combat Hostiles . | . . . Parts Fried . | . . . Impact Corruptions . | . . . Robots Melted . | . . . Combat Hostiles . | . . . Parts Melted . | . . . Heat Transferred 222 | . . 222 Parts Sabotaged . | . . . Parts Stolen . | . . . Parts Stripped . | . . . Power Chain Reactions . | . . . Alert | -11 -10 -10 ------- Run | Yrd Mat Min Peak Influence 265 | 30 265 169 Initial 103 | . 19 103 Average 125 | 16 176 136 Maximum Alert Level 1 | . 1 . Low Security (%) 81 | 100 59 100 Level 1 18 | . 40 . Level 2 . | . . . Level 3 . | . . . Level 4 . | . . . Level 5 . | . . . High Security . | . . . Max Security . | . . . Squads Dispatched 3 | . 2 1 Investigation 1 | . 1 . Extermination . | . . . Reinforcement 1 | . 1 . Assault 1 | . . 1 Garrison . | . . . Intercept . | . . . Searches Triggered . | . . . Construction Impeded . | . . . Haulers Reinforced . | . . . Active Scanning Responses . | . . . Cargo Convoy Interrupts . | . . . Stealth | -11 -10 -10 --------- Run | Yrd Mat Min Distress Signals 2 | . 2 . Communications Jammed . | . . . Distress Signals . | . . . Times Spotted 20 | . 12 8 Peak Tracking Total 5 | . 5 4 Tactical Retreats . | . . . Traps | -11 -10 -10 ------- Run | Yrd Mat Min Traps Triggered . | . . . Indirectly . | . . . Trap Hack Attempts . | . . . Triggered . | . . . Disarmed . | . . . Reprogrammed . | . . . Reused . | . . . Traps Extracted . | . . . Installed . | . . . Triggered . | . . . Machines | -11 -10 -10 ---------- Run | Yrd Mat Min Machines Disabled . | . . . Max in Single Turn . | . . . Machines Repaired . | . . . Machines Dismantled . | . . . Machines Sabotaged . | . . . Overloaded Fab Kills . | . . . Hacking | -11 -10 -10 --------- Run | Yrd Mat Min Machines Accessed 2 | . 1 1 Terminals 2 | . 1 1 Fabricators . | . . . Repair Stations . | . . . Recycling Units . | . . . Scanalyzers . | . . . Garrison Access . | . . . Total Hacks 5 | . 3 2 Successful 2 | . . 2 Failed 3 | . 3 . Catastrophic . | . . . Database Lockouts . | . . . Manual 4 | . 3 1 Terminals 5 | . 3 2 Fabricators . | . . . Repair Stations . | . . . Recycling Units . | . . . Scanalyzers . | . . . Garrison Access . | . . . Terminal Hacks 1 | . . 1 Zone Layout 1 | . . 1 Fabricator Hacks . | . . . Repair Station Hacks . | . . . Recycling Unit Hacks . | . . . Scanalyzer . | . . . Garrison Access Hacks . | . . . Unauthorized Hacks 1 | . . 1 Terminals 1 | . . 1 Track 1 | . . 1 Fabricators . | . . . Repair Stations . | . . . Recycling Units . | . . . Scanalyzers . | . . . Garrison Access . | . . . Data Cores Recovered . | . . . Used . | . . . Hacking Detections 1 | . 1 . Full Trace Events 1 | . 1 . Feedback Events . | . . . Feedback Blocked . | . . . Robot Schematics Acquired . | . . . Robots Built . | . . . Authchips . | . . . Time . | . . . Total Robot Build Rating . | . . . Part Schematics Acquired . | . . . Parts Built . | . . . Authchips . | . . . Time . | . . . Total Part Build Rating . | . . . Parts Repaired . | . . . Time . | . . . Parts Recycled . | . . . Recycled Matter . | . . . Retrieved Matter . | . . . Retrieved Components . | . . . Parts Scanalyzed . | . . . Part Schematics Acquired . | . . . Parts Damaged . | . . . Bothacking | -11 -10 -10 ------------ Run | Yrd Mat Min Used RIF Installer . | . . . Robots Hacked . | . . . Non-combat . | . . . Combat . | . . . Robot Hacks Applied . | . . . Relay Couplers Released . | . . . Fabnet Peak Effective % . | . . . Robots Rewired . | . . . Allies Hacked . | . . . Hacks Repelled . | . . . Allies | -11 -10 -10 -------- Run | Yrd Mat Min Total Allies 1 | . . 1 Largest Group 1 | . . 1 Highest-Rated Group 31 | . . 31 Highest-Rated Ally 31 | . . 31 Total Orders . | . . . Ally Attacks 6 | . . 6 Total Damage 61 | . . 61 Kills 1 | . . 1 Allies Corrupted . | . . . Allies Melted 1 | . . 1 Intel | -11 -10 -10 ------- Run | Yrd Mat Min Robot Analysis Total . | . . . Derelict Logs Recovered . | . . . Drone Launches . | . . . Drone Recoveries . | . . . Exploration | -11 -10 -10 ------------- Run | Yrd Mat Min Turns Passed 597 | 146 274 177 Spaces Moved 269 | 55 129 85 Core . | . . . Treads . | . . . Legs 269 | 55 129 85 Wheels . | . . . Hover . | . . . Flight . | . . . Fastest Speed 120 | 120 120 120 Average Speed 120 | 120 120 120 Slowest Speed 120 | 120 120 120 Overloaded Moves . | . . . Propulsion Burnouts . | . . . Robots Hopped . | . . . Cave-ins Triggered . | . . . Exploration Rate (%) 14 | 4 28 12 Regions Visited 2 Branch Regions 1 Pre-discovered Areas . | . . . Known Exits Taken . | . . . Unknown Exits Taken 2 | 1 1 . Scrap Searched . | . . . Spaces Dug 1 | . 1 . Terrain Destroyed 1 | . 1 . Melee . | . . . Projectile 1 | . 1 . AOE . | . . . Terrain Rammed . | . . . Walls Destroyed . | . . . Machines Disabled . | . . . Actions | -11 -10 -10 --------- Run | Yrd Mat Min Total 411 | 106 182 123 Wait 35 | 27 4 4 Move 267 | 54 128 85 Hop . | . . . Pick Up 5 | 4 1 . Fast Attach 3 | 1 . 2 Attach 2 | . . 2 Detach . | . . . Swap 6 | . 4 2 Drop 6 | 2 4 . Fire 81 | 18 41 22 Melee . | . . . Ram . | . . . Kick 6 | . . 6 Crush . | . . . Escape Stasis . | . . . Rewire . | . . . Trap . | . . . Miscellaneous . | . . . Route ------- -11/Scrapyard -10/Materials -10/Mines History --------- Turn | Location | Event 7 | -11/Scrapyard | Discovered new exit (range 3) 147 | -11/Scrapyard | Entered Materials 306 | -10/Materials | Build established: Mutant 335 | -10/Materials | Discovered new exit (range 6) 421 | -10/Materials | Entered Mines 469 | -10/Mines | Met a Derelict testing a Signal Generator 503 | -10/Mines | Core integrity fell below 50% 556 | -10/Mines | Core integrity fell below 20% 584 | -10/Mines | Lost 4 parts (1p2n1w) 598 | -10/Mines | Destroyed by G-47 Trooper with Particle Gun Last Messages --------------- 00507_ Signal Generator's internal power supply exhausted. 00541_ Ion Engine destroyed. 00541_ Kicked G-34 Mercenary. 00543_ Aluminum Leg destroyed. 00544_ Kicked G-34 Mercenary out of the way. 00546_ Kicked G-34 Mercenary. 00547_ Lgt. Assault Rifle destroyed. 00547_ Kicked G-34 Mercenary out of the way. 00549_ G-34 Mercenary destroyed. 00552_ M-13 Machinist repairs G-34 Mercenary. 00553_ Aluminum Leg destroyed. 00553_ Acquired Carbon-fiber Leg. 00557_ Acquired Aluminum Leg. 00558_ Acquired 20 matter. 00560_ Acquired 10 matter. 00563_ Critical hit (Burn: +37). 00578_ M-13 Machinist repairs G-47 Trooper. 00587_ G-34 Mercenary destroyed. 00587_ Switching to secondary target: G-47 Trooper. 00596_ Med. Laser destroyed. Map ----- +----------------------------------------------------+ | | | | | | | | | | | | | | | | | | | | | | | | | | | ?????????????????????????????????????????????????? | | ??????????????????????????????????????????#######? | | ?????????????????????????????????????????## ## | | ??????????????????????????????????????#### # | | ?????????????????????????????????????## # | | ?????????????????????????????????????# ## | | ?????????????????????????????????????# ###? | | ????????????????????????????????????## ##??? | | ???????????????????????????????###### #???? | | ??????????????????????????????## ##% ##???? | | ?????????????????????????????## %%= ###????? | | ????????????????????########## % != ##??????? | | ????????????????????# % @ *%g #####???????? | | ????????????????????# ####### m ##???????????? | | ?????? #?????????# #?????## ######????????????? | | ?????? #?????????# #??????###?????????????????? | | ???? ##?###??### #??????????????????????????? | | ??? ### ##?# #??????????????????????????? | | ??? ### ###??????????????????????????? | | ??? #????????????####????????????? | | ??? #### ###?????????## ????????????? | | ??????##########?# #????????## ????????????? | | ??????#??????????# #???????## #????????????? | | ?????????????????#= *%#???????# #????????????? | | ?????????????????# = =#######?# #????????????? | | ?????????????????#* r #?## ????????????? | | ?????????????????#%= ####u #??## ????????????? | | ?????????????????#* #??# #???# ????????????? | | ?????????????????# #??# ###?## ????????????? | | ???????????####??####T#??# ##?## ????????????? | | ??????????## ##????###??# #??## ????????????? | | ??????##### #####?????# ##???# ????????????? | | ?????? ##???## ##????# ????????????? | | ?????? ## #???# r #???### ????????????? | | ?????? ### ##### #??## ????????????? | | ?????? #?## #??# ????????????? | | ?????? #### ### #??# ????????????? | +----------------------------------------------------+ Best States ------------- Heat Dissipation 25 Energy Generation 10 Energy Capacity 250 Matter Stores 300 Matter Capacity 300 Sight Range 16 Terrain Scan Density 10 Evasion (%) 55 Item Schematics ----------------- None Robot Schematics ------------------ None Fabricated ------------ Nothing Alien Tech Used ----------------- None Achievements -------------- None Challenges ------------ None Game ------ Seed AntigravLaserBotcube Manual? 0 Play Time 00:09:09 Cumulative 156.2 hours Start 2024.08.26 @ 18:06:56 End 2024.08.26 @ 18:14:28 Sessions 1 Manual Loads 0 Difficulty Rogue Special Mode None Game No. 279 Rogue 275 Adventurer 0 Explorer 4 Win Type - Total 0 Types 0/0/0/0/0/0/0/0/0 Lore% 19 Gallery% 46 Achievement% 34 Wizard Run 0 Options --------- Layout 1 ASCII 0 Keyboard 1 Movement Arrows Keybinds 0 Fullscreen 1 Font 32/Proggy Map View 130x35 Zoom Use 0% Tactical HUD 1 Map Filters NONE Filters NONE Steam 0 RUN: 8682f5ea-a3b4-46d3-bbef-269537fc66ce